 Dungeon Crawl Stone Soup version 0.23.2-1-ga50397a (webtiles) character file.

Game seed: 18088908308401638186

67 doot the Magician (level 4, 0/24 HPs)
             Began as a Deep Elf Wizard on May 20, 2019.
             Succumbed to an adder's poison
             ... on level 2 of the Dungeon.
             The game lasted 00:05:52 (1867 turns).

doot the Magician (Deep Elf Wizard)                 Turns: 1867, Time: 00:05:53

Health: 0/24       AC:  4    Str:  4    XL:     4   Next: 0%
Magic:  1/14       EV: 13    Int: 24    God:
Gold:   119        SH:  0    Dex: 13    Spells: 4/15 levels left

rFire    . . .     SeeInvis .   (no weapon)
rCold    . . .     Gourm    .   (no shield)
rNeg     . . .     Faith    .   a - +0 robe
rPois    .         Spirit   .   b - +0 hat
rElec    .         Reflect  .   (no cloak)
rCorr    .         Harm     .   (no gloves)
MR       .....                  (no boots)
Stlth    ++........             (no amulet)
HPRegen  0.08/turn              (no ring)
MPRegen  0.14/turn              (no ring)

@: lethally poisoned (0 -> -7), flying, very slightly contaminated, invisible
A: icy blue scales 1, sturdy frame 1
a: no special abilities


You were on level 2 of the Dungeon.
You were hungry.

You visited 1 branch of the dungeon, and saw 3 of its levels.

You collected 119 gold pieces.

Inventory:

Armour
 a - a +0 robe (worn)
 b - a +0 hat (worn)
Scrolls
 g - a scroll of identify {unknown}
 h - a scroll of enchant armour {unknown}
Comestibles
 d - 2 rations


   Skills:
 + Level 2.7 Dodging
 + Level 2.8 Stealth
 + Level 6.3 Spellcasting
 + Level 1.2 Conjurations
 + Level 1.2 Summonings
 + Level 1.1 Translocations


You had 4 spell levels left.
You knew the following spells:

 Your Spells              Type           Power        Failure   Level  Hunger
a - Magic Dart            Conj           ##..         4%          1    None
b - Blink                 Tloc           N/A          8%          2    None
c - Call Imp              Summ           ##......     7%          2    None
e - Mephitic Cloud        Conj/Pois/Air  #.......     19%         3    None
f - Conjure Flame         Conj/Fire      ##......     19%         3    None

Your spell library contained the following spells:

 Spells                   Type           Power        Failure   Level  Hunger
 Slow                     Hex            #.......     12%         2    None


Dungeon Overview and Level Annotations

Branches:
Dungeon (3/15)

Altars:
Xom

Annotations:
D:2 Sigmund


Innate Abilities, Weirdness & Mutations

You are partially covered in icy blue scales. (AC +2)
Your movements are slightly less encumbered by armour. (ER -2)


Message History

You are very lightly contaminated with residual magic.
It was a potion of mutation.
You feel extremely strange.
Icy blue scales grow over part of your body.
You feel less encumbered by your armour.
* * * LOW HITPOINT WARNING * * *
You feel sick. The adder bites you.
* * * LOW HITPOINT WARNING * * *
The goblin hits you but does no damage.
Your white imp hits the adder.
Your white imp freezes the adder.
The adder barely misses your white imp.
It was a potion of flight.
You feel very buoyant.
You fly up into the air.
Sigmund casts a spell at you.
The goblin resists with significant effort.
The rat closely misses your white imp. The goblin hits you but does no damage.
The adder bites your white imp.
The goblin hits your white imp with a +0 dagger.
Your white imp completely misses the adder.
There is a lethal amount of poison in your body!
You die...

####.......... ........##......#
##...........## .)......##.####.#
#..^........... ...........# #.#
...^_.......... #.......#### #.#
...^^^......... ........# #.#
.....S......... ........#######.#
###...#.###### .......@....<.S..
#...#.# ##################....
....l#.# #....@.....########...
......#.## #..÷.gSg@..#.....#.)..
......#..###.....5...............
......##..##.....r...............
...... ##.##.....................
#........................
###......................
#.####...##.>.......÷.. #..
###.###...........


You could see Sigmund, an adder, 2 goblins, a rat and a friendly white imp.

Vanquished Creatures
  An adder (D:2)
  4 dart slugs (D:1)
  2 leopard geckos
  An orc (D:2)
  A ball python (D:2)
  2 giant cockroaches (D:1)
  4 hobgoblins
  6 jackals
  4 bats
  3 frilled lizards
  6 goblins
  A kobold (D:1)
  16 rats (D:1)
51 creatures vanquished.

Notes
Turn   | Place    | Note
-------+----------+-------------------------------------------
     0 | D:1      | doot the Deep Elf Wizard began the quest for the Orb.
     0 | D:1      | Reached XP level 1. HP: 10/10 MP: 7/7
   242 | D:1      | Reached XP level 2. HP: 15/15 MP: 5/9
   246 | D:1      | Learned a level 2 spell: Blink
   249 | D:1      | Learned a level 2 spell: Call Imp
   253 | D:1      | Reached skill level 5 in Spellcasting
   824 | D:1      | Reached XP level 3. HP: 19/19 MP: 10/12
   829 | D:1      | Learned a level 3 spell: Conjure Flame
   833 | D:1      | Learned a level 3 spell: Mephitic Cloud
  1333 | D:2      | Found a shimmering altar of Xom.
  1352 | D:2      | Noticed Sigmund
  1394 | D:1      | Reached skill level 6 in Spellcasting
  1825 | D:2      | Reached XP level 4. HP: 18/24 MP: 0/14
  1865 | D:2      | Gained mutation: You are partially covered in icy blue
                  | scales. (AC +2) [potion of mutation]
  1865 | D:2      | Gained mutation: Your movements are slightly less
                  | encumbered by armour. (ER -2) [potion of mutation]
  1865 | D:2      | HP: 1/24 [adder (2)]
  1867 | D:2      | Succumbed to an adder's poison

Skill      XL: |  1  2  3 |
---------------+----------+-----
Spellcasting   | 5 6 |  6.3
Dodging        | |  2.7
Stealth        | |  2.8
Conjurations   | |  1.2
Summonings     | |  1.2
Translocations | |  1.1

Action                   |  1- 3 |  4- 6 || total
-------------------------+-------+-------++-------
Melee: Unarmed           |     5 |       ||     5
 Cast: Magic Dart        |   133 |     2 ||   135
       Call Imp          |     3 |     1 ||     4
       Blink             |       |     1 ||     1
  Use: Scroll            |     1 |       ||     1
       Potion            |       |     3 ||     3
  Eat: Chunk             |     2 |       ||     2
Armor: Robe              |     8 |     2 ||    10
Dodge: Dodged            |    34 |    12 ||    46
